 Dungeon Crawl Stone Soup version 0.31.0-32-g396128a36d (webtiles) character file.

Game seed: 388967294970243571

121 CrypticCrinoid the Chopper (level 4, 0/41 HPs)
             Began as a Minotaur Berserker on Mar 26, 2024.
             Was a Believer of Trog.
             Slain by an orc
             ... wielding a +0 flail
              (7 damage)
             ... on level 3 of the Dungeon.
             The game lasted 00:03:24 (1666 turns).

CrypticCrinoid the Chopper (Minotaur Berserker)     Turns: 1666, Time: 00:03:25

Health: 0/41       AC:  3    Str: 24    XL:     4   Next: 77%
Magic:  3/3        EV: 12    Int:  4    God:    Trog [**....]
Gold:   180        SH:  0    Dex:  9    Spells: 3/3 levels left

rFire   + . .        a - +0 hand axe
rCold   + . .        (no shield)
rNeg    . . .        h - +0 leather armour
rPois   .            (helmet restricted)
rElec   .            i - scarf {rC+ rF+}
rCorr   .            (no gloves)
SInv    .            (no boots)
Will    .....        (no amulet)
Stlth   +            (no ring)
HPRegen 0.26/turn    (no ring)
MPRegen 0.08/turn

%: no passive effects
@: no status effects
A: horns 2, retaliatory headbutt
a: Renounce Religion, Berserk, Trog's Hand


You were on level 3 of the Dungeon.
You worshipped Trog.
Trog was pleased with you.
You visited 1 branch of the dungeon, and saw 3 of its levels.

You collected 180 gold pieces.

Inventory:

Hand Weapons
 a - a +0 hand axe (weapon)
Armour
 b - a +0 animal skin
 h - a +0 leather armour (worn)
 i - a scarf of resistance (worn)
Jewellery
 d - a +6 ring of dexterity
 l - an amulet of faith
Scrolls
 f - a scroll of teleportation {unknown}
 j - a scroll of noise {unknown}
Potions
 c - 2 potions of haste {unknown}
 e - a potion of brilliance {unknown}
 g - 2 potions of curing {unknown}
 k - a potion of cancellation {unknown}
 m - 2 potions of invisibility {unknown}
 n - a potion of degeneration {unknown}


   Skills:
 * Level 4.7 Fighting
 * Level 5.3 Axes
 * Level 3.0 Armour
 * Level 2.8 Dodging


You had 3 spell levels left.
You didn't know any spells.
Your spell library was empty.

Dungeon Overview and Level Annotations

Branches:
Dungeon (3/15)

Altars:
Hepliaklqana


Innate Abilities, Weirdness & Mutations

You have a pair of horns on your head.
You reflexively headbutt those who attack you in melee.


Message History

Found a sapphire potion.
An adder is nearby!
You miss the adder. The adder bites you.
You hit the adder. Your headbutt misses the adder. Your punch misses the adder.
The adder is moderately wounded.
The adder misses you. The adder bites you but does no damage.
You closely miss the adder. You headbutt the adder!
You kill the adder!
Trog accepts your kill.
You now have 180 gold pieces (gained 9).
g - 2 sapphire potions (gained 1)
An orc comes into view. It is wielding a +0 flail.
Found a hazy altar of Hepliaklqana.
Found a faded altar of an unknown god.
The orc hits you with a +0 flail.
You barely miss the orc. The orc hits you with a +0 flail!
You hit the orc. The orc blocks your attack.
The orc is lightly wounded.
The orc closely misses you.
You hit the orc.
The orc is heavily wounded.
The orc hits you with a +0 flail!
You hit the orc but do no damage. Your headbutt misses the orc.
The orc is heavily wounded.
The orc hits you with a +0 flail!
* * * LOW HITPOINT WARNING * * *
You hit the orc but do no damage.
The orc is heavily wounded.
The orc hits you with a +0 flail.
* * * LOW HITPOINT WARNING * * *
You barely miss the orc.
The orc is heavily wounded.
The orc hits you but does no damage. The orc blocks your attack.
You headbutt the orc, but do no damage.
The orc is heavily wounded.
The orc barely misses you.
You barely miss the orc. Your headbutt misses the orc.
The orc is heavily wounded.
The orc hits you with a +0 flail!
You die...

#####......# #.#
#####..#### #.#
#...#.....####.#
#._.###........####
#...# #...##......#
#####..§#######§...##.#
#......§§§§§§§.§......#
#.8...#§§§§§§§§§..##....
#.....o@§§§§§§§§..##....
#####..§#######§.....##.
#...# ###....# . #._.#
#....# #...# #....#
##### #....# #..### .##


You could see an orc.

Vanquished Creatures
  An orc priest (D:3)
  5 adders
  3 dart slugs
  A ribbon worm (D:3)
  An orc (D:3)
  3 ball pythons
  3 endoplasms
  A giant cockroach (D:1)
  4 goblins
  2 hobgoblins
  3 jackals (D:2)
  5 kobolds
  4 bats
  A frilled lizard (D:2)
  4 rats
41 creatures vanquished.

Notes
Turn   | Place    | Note
-------+----------+-------------------------------------------
     0 | D:1      | CrypticCrinoid the Minotaur Berserker began the quest for
                  | the Orb.
     0 | D:1      | Reached XP level 1. HP: 19/19 MP: 0/0
   244 | D:1      | Reached XP level 2. HP: 27/27 MP: 1/1
   252 | D:1      | Reached skill level 4 in Axes
   761 | D:2      | Reached XP level 3. HP: 33/33 MP: 2/2
  1015 | D:2      | Reached ** piety under Trog
  1057 | D:2      | Found a hazy altar of Hepliaklqana.
  1351 | D:3      | Reached XP level 4. HP: 9/41 MP: 3/3
  1480 | D:3      | Reached skill level 5 in Axes
  1589 | D:3      | Found a faded altar of an unknown god.
  1655 | D:3      | Found a hazy altar of Hepliaklqana.
  1657 | D:3      | Found a faded altar of an unknown god.
  1666 | D:3      | Slain by an orc

Illustrated notes

Levels and vault maps discovered:
D:1:      dpeg_arrival_three_same_balls, layout_basic, minmay_misc_feat_x,
          minmay_hedge_maze, serial_bayou_pond_a
D:2:      layout_basic, basic_altar, kennysheep_another_room
D:3:      layout_basic, cheibrodos_worm_habitat, lemuel_doored_altar,
          beargit_hepliaklqana_dungeon_heroes, dreamdust_ecumenical_altar_grove,
          amcnicky_mini_rare_corridor_liquid, nicolae_kite_square_tiling_tiny

Skill      XL: |  1  2  3  4 |
---------------+-------------+-----
Axes           | 4 5 |  5.3
Fighting       | 4 |  4.7
Armour         | 3 |  3.0
Dodging        | |  2.8

Action                     |  1- 3 |  4- 6 || total
---------------------------+-------+-------++-------
  Melee: Hand axe          |   125 |    21 ||   146
         Headbutt          |    29 |     6 ||    35
         Punch             |       |     1 ||     1
 Armour: Animal skin       |    20 |       ||    20
         Leather armour    |    18 |    19 ||    37
  Dodge: Dodged            |    66 |    13 ||    79
